 Dungeon Crawl Stone Soup version 0.26-a0-652-gafc20e3620 (webtiles) character file.

Game seed: 3324204617393722011

27878 Kraken2834 the Warrior (level 13, -4/121 HPs)
             Began as a Merfolk Gladiator on Oct 4, 2020.
             Was the Champion of Okawaru.
             Slain by a catoblepas (9 damage)
             ... while petrified by you
             ... on level 4 of the Lair of Beasts.
             The game lasted 01:00:58 (16830 turns).

Kraken2834 the Warrior (Merfolk Gladiator)         Turns: 16830, Time: 01:00:59

Health: -4/121     AC: 13    Str: 27    XL:     13   Next: 35%
Magic:  13/13      EV:  2    Int:  8    God:    Okawaru [******]
Gold:   1099       SH:  0    Dex: 22    Spells: 12/12 levels left

rFire    x . .     SeeInvis +   C - +3 trident
rCold    + . .     Faith    +   (no shield)
rNeg     + + +     Spirit   .   G - +0 steam dragon scales
rPois    ∞         Reflect  .   h - +2 helmet "Buad" {rF- rC+ SInv}
rElec    .         Harm     .   (no cloak)
rCorr    .         Rampage  .   J - +2 pair of gloves {Str+3}
MR       .....                  D - +0 pair of boots
Stlth    ++........             o - amulet of faith
HPRegen  0.30/turn              f - +6 ring of dexterity
MPRegen  0.13/turn              v - +6 ring of strength

@: petrified
A: change form in water, swift swim, stealthy swim, mutation resistance 1
a: Heroism, Finesse, Renounce Religion


You were on level 4 of the Lair of Beasts.
You worshipped Okawaru.
Okawaru was exalted by your worship.
You visited 3 branches of the dungeon, and saw 17 of its levels.

You collected 1099 gold pieces.

Inventory:

Hand Weapons
 C - a +3 trident (weapon)
Missiles
 k - a silver javelin (quivered)
Armour
 b - a +2 helmet of see invisible
 h - the +2 helmet "Buad" (worn) {rF- rC+ SInv}
   (Okawaru gifted it to you on level 4 of the Lair of Beasts)

   It makes you vulnerable to fire.
   It protects you from cold.
   It lets you see invisible.
 D - a +0 pair of boots (worn)
 G - +0 steam dragon scales (worn)
 J - a +2 pair of gloves of strength (worn)
Jewellery
 a - an uncursed ring of fire
 f - a +6 ring of dexterity (left hand)
 l - an uncursed amulet of guardian spirit
 o - an amulet of faith (around neck)
 v - a +6 ring of strength (right hand)
 y - an uncursed amulet of regeneration
 A - an uncursed amulet of reflection
 M - a cursed amulet of inaccuracy {unknown}
 N - a +4 ring of protection
Wands
 c - a wand of iceblast (8)
 e - a wand of acid (10)
 p - a wand of polymorph (9)
 t - a wand of flame (8)
 w - a wand of paralysis (6)
 x - a wand of random effects (59)
 L - a wand of enslavement (9)
Scrolls
 i - a scroll of blinking
 j - 6 scrolls of remove curse
 m - 19 scrolls of identify
 r - 6 scrolls of teleportation
 E - 3 scrolls of enchant weapon
 F - 3 scrolls of enchant armour
 H - a scroll of amnesia
 K - a scroll of fog
Potions
 d - a potion of brilliance
 g - 2 potions of might
 q - 2 potions of cancellation
 u - 4 potions of flight
 z - 4 potions of heal wounds
 B - a potion of invisibility
 I - 4 potions of curing


   Skills:
 + Level 17.4 Fighting
 - Level 16.9 Polearms
 * Level 5.3 Throwing
 - Level 4.5 Armour
 + Level 10.4 Dodging
   Level 2.0 Conjurations
   Level 1.6 Fire Magic
 - Level 0.1 Evocations


You had 12 spell levels left.
You didn't know any spells.
Your spell library contained the following spells:

 Spells                   Type           Power        Failure   Level
 Magic Dart               Conj           #...         19%         1
 Foxfire                  Conj/Fire      #...         21%         1
 Searing Ray              Conj           #.....       28%         2
 Corona                   Hex            #......      41%         1
 Conjure Flame            Conj/Fire      #.......     52%         3
 Ensorcelled Hibernation  Hex/Ice        #.....       54%         2
 Dazzling Flash           Conj/Hex       #.....       65%         3
 Inner Flame              Hex/Fire       #.......     67%         3
 Confusing Touch          Hex            #.......     78%         3
 Gell's Gravitas          Tloc           #.........   78%         3
 Tukima's Dance           Hex            #.......     78%         3
 Sticky Flame             Conj/Fire      #.......     90%         4
 Fulminant Prism          Conj/Hex       #.........   96%         4
 Iskenderun's Mystic Bla  Conj/Tloc      #.......     96%         4
 Petrify                  Tmut/Erth      #.......     99%         4
 Fireball                 Conj/Fire      #.........   99%         5
 Metabolic Englaciation   Hex/Ice        #.........   100%        5
 Yara's Violent Unravell  Hex/Tmut       #.........   100%        5


Dungeon Overview and Level Annotations

Branches:
Dungeon (12/15)            Temple (1/1) D:7            Lair (5/6) D:9
    Orc (0/2) D:10
  Swamp: Lair:2-4    Shoals: Lair:2-4     Snake: Lair:2-4    Spider: Lair:2-4
  Slime: Lair:5-6

Altars:
Ashenzari
Cheibriados
Dithmenos
Elyvilon
Fedhas
Gozag
Hepliaklqana
Kikubaaqudgha
Makhleb
Nemelex Xobeh
Okawaru
Qazlal
Ru
Sif Muna
Trog
Uskayaw
Vehumet
Wu Jian
Xom
Yredelemnul
Zin
The Shining One
Beogh

Portals:
Sewer: D:4

Annotations:
D:7 1 transporter
Lair:1 exclusion: oklob plant


Innate Abilities, Weirdness & Mutations

You revert to your normal form in water.
You are very nimble and swift while swimming.
You are very stealthy in the water. (Stealth+)
You are somewhat resistant to further mutation.


Message History

The silver javelin pierces through the catoblepas!!
The catoblepas is heavily wounded.
The catoblepas breathes a plume of calcifying dust at you.
The blast of calcifying dust hits you but does no damage.
Throwing (i - inventory)
k - a silver javelin (quivered)
Press: ? - help, Shift-Dir - straight line, f - you
Okay, then.
The catoblepas breathes a plume of calcifying dust at you.
The blast of calcifying dust hits you.
* * * LOW HITPOINT WARNING * * *
You are engulfed in calcifying dust.
You are slowing down.
Your limbs are stiffening.
The catoblepas breathes a plume of calcifying dust at you.
The blast of calcifying dust hits you!
* * * LOW HITPOINT WARNING * * *
You have turned to stone.
You are engulfed in calcifying dust. x4
The catoblepas gores you!!
You die...

................# #.......#
................# ....#..(...##
.......#...###.## ....###Y...##
###....##### ### ...##......#
##.....###.##########.###§....#
.#......##..P#.##..#...#Y....##
.............†..........§....##
.................§......§.†...#
...............§@Y...........##
.............................#
.##..##.##.####P#.######.....##
.#### ###### ##### ##.....# .#
#.....# .######### #######
##....##
..(##.#.P######P...P####.....#
.............................#
.>.H.F............l..........#


You could see a catoblepas.

Vanquished Creatures
  Snorg (D:11)
  Fannar (D:10)
  3 two-headed ogres
  3 cyclopes
  An orc knight (D:7)
  4 elephants
  A black mamba (Lair:1)
  2 cane toads (Lair:1)
  2 gargoyles
  2 centaur skeletons
  2 rime drakes (Lair:4)
  A komodo dragon (Lair:1)
  2 trolls
  8 blink frogs
  5 polar bears
  Prince Ribbit (D:9)
  13 hippogriffs
  A wraith (D:11)
  5 wyverns (Lair:4)
  3 basilisks
  Eustachio (D:5)
  22 yaks
  2 steam dragons
  2 wargs (D:10)
  A soldier ant (D:11)
  10 water moccasins
  7 porcupines
  6 orc warriors
  5 ice beasts
  A black bear (D:10)
  A phantom (D:7)
  A sky beast (D:8)
  3 centaurs
  4 ogres
  A necrophage (D:9)
  5 crocodiles
  A big kobold (D:11)
  12 bullfrogs
  A water moccasin zombie (D:11)
  A wyvern skeleton (D:7)
  3 scorpions
  6 killer bees (D:10)
  13 wights
  2 electric eels (Lair:1)
  2 centaur zombies
  A jelly (D:8)
  A quasit (D:9)
  10 orc priests
  11 orc wizards
  3 bullfrog skeletons
  8 hounds
  3 bullfrog zombies
  5 iguanas
  Terence (D:2)
  10 worker ants
  A hound skeleton (D:8)
  9 adders
  A shadow imp (D:9)
  A white imp (D:7)
  2 ufetubi
  An ooze (D:2)
  An adder zombie (D:8)
  An adder skeleton (D:7)
  5 worms
  2 dart slugs
  3 leopard geckos
  53 orcs
  3 giant cockroaches
  11 goblins
  2 hobgoblins
  3 jackals (D:5)
  4 quokkas
  6 bats
  4 frilled lizards
  A jackal zombie (D:7)
  13 kobolds
  2 quokka skeletons (D:9)
  8 rats
364 creatures vanquished.

Vanquished Creatures (others)
  8 fungi
  15 plants
23 creatures vanquished.

Grand Total: 387 creatures vanquished

Notes
Turn   | Place    | Note
-------+----------+-------------------------------------------
     0 | D:1      | Kraken2834 the Merfolk Gladiator began the quest for the
                  | Orb.
     0 | D:1      | Reached XP level 1. HP: 16/16 MP: 1/1
   451 | D:1      | Reached skill level 5 in Polearms
   451 | D:1      | Reached XP level 2. HP: 23/23 MP: 2/2
   705 | D:1      | Reached XP level 3. HP: 28/28 MP: 3/3
  1286 | D:2      | Noticed Terence
  1318 | D:2      | Killed Terence
  1318 | D:2      | Reached skill level 3 in Fighting
  1318 | D:2      | Reached XP level 4. HP: 28/35 MP: 4/4
  1810 | D:2      | Found a bloodstained altar of Trog.
  2226 | D:3      | Reached XP level 5. HP: 41/41 MP: 5/5
  3104 | D:3      | Reached XP level 6. HP: 26/48 MP: 6/6
  3589 | D:4      | Found a glowing drain.
  3590 | D:4      | You fall into a shaft and drop 2 floors!
  3636 | D:6      | Reached skill level 4 in Fighting
  3651 | D:5      | Entered Level 5 of the Dungeon
  3771 | D:5      | Noticed an ice beast
  3782 | D:5      | Killed an ice beast
  3782 | D:5      | Reached skill level 10 in Polearms
  3782 | D:5      | Reached XP level 7. HP: 54/54 MP: 7/7
  3980 | D:5      | Found a shimmering blue altar of Sif Muna.
  4004 | D:5      | Noticed Eustachio
  4015 | D:5      | Killed Eustachio
  4607 | D:5      | Reached XP level 8. HP: 61/61 MP: 8/8
  4824 | D:6      | Reached skill level 5 in Fighting
  4824 | D:6      | Reached skill level 1 in Armour
  4964 | D:6      | Learned a level 5 spell: Fireball
  5318 | D:7      | Reached skill level 1 in Conjurations
  5345 | D:7      | Reached skill level 1 in Fire Magic
  5405 | D:7      | Noticed a hippogriff
  5422 | D:7      | Killed a hippogriff
  5735 | D:7      | Found a staircase to the Ecumenical Temple.
  5740 | D:7      | Reached XP level 9. HP: 68/68 MP: 9/9
  5746 | Temple   | Entered the Ecumenical Temple
  5822 | Temple   | Became a worshipper of Warmaster Okawaru
  6050 | D:7      | Noticed a troll
  6064 | D:7      | Killed a troll
  6171 | D:7      | Reached skill level 6 in Fighting
  6286 | D:7      | Found a roughly hewn altar of Beogh.
  6286 | D:7      | Found a transporter.
  6286 | D:7      | Noticed an orc knight
  6317 | D:7      | Found a transporter.
  6343 | D:7      | Reached * piety under Okawaru
  6372 | D:7      | Killed an orc knight
  6394 | D:7      | Reached skill level 7 in Fighting
  6716 | D:8      | Found an opulent altar of Gozag.
  6791 | D:8      | Reached skill level 8 in Fighting
  6791 | D:8      | Reached XP level 10. HP: 80/80 MP: 10/10
  6808 | D:8      | Reached ** piety under Okawaru
  7296 | D:9      | Reached skill level 9 in Fighting
  7622 | D:9      | Gained mutation: You are somewhat resistant to further
                  | mutation. [potion of mutation]
  7721 | D:9      | Noticed a two-headed ogre
  7734 | D:9      | Killed a two-headed ogre
  7734 | D:9      | Reached *** piety under Okawaru
  7734 | D:9      | Reached skill level 10 in Fighting
  7865 | D:9      | Noticed Prince Ribbit
  7894 | D:9      | Noticed an elephant
  7919 | D:9      | Killed an elephant
  7919 | D:9      | Reached skill level 11 in Fighting
  7922 | D:9      | Reached **** piety under Okawaru
  7922 | D:9      | Reached skill level 15 in Polearms
  8261 | D:9      | Found a staircase to the Lair.
  8557 | D:10     | Entered Level 10 of the Dungeon
  8610 | D:10     | Reached skill level 12 in Fighting
  8640 | D:10     | Found a staircase to the Orcish Mines.
  8796 | D:10     | Reached ***** piety under Okawaru
  8796 | D:10     | Reached XP level 11. HP: 48/97 MP: 11/11
  9018 | D:10     | Identified the cursed +3 rapier "Vifeo" {speed, rC+ Int+2}
  9020 | D:10     | Reached skill level 13 in Fighting
  9088 | D:10     | Noticed Fannar
  9118 | D:10     | Killed Fannar
  9504 | D:10     | Reached skill level 14 in Fighting
 10048 | D:10     | Noticed a two-headed ogre
 10057 | D:10     | Killed a two-headed ogre
 10057 | D:10     | Received a gift from Okawaru
 10269 | D:11     | Noticed Snorg
 10282 | D:11     | Killed Snorg
 10524 | D:11     | Reached skill level 15 in Fighting
 10584 | D:11     | Noticed a cyclops
 10606 | D:11     | Killed a cyclops
 11008 | D:11     | Noticed a two-headed ogre
 11019 | D:11     | Killed a two-headed ogre
 11259 | D:11     | Noticed a cyclops
 11264 | D:11     | Killed a cyclops
 11264 | D:11     | Reached XP level 12. HP: 89/110 MP: 12/12
 11512 | D:12     | Received a gift from Okawaru
 11512 | D:12     | Reached skill level 5 in Dodging
 11583 | D:12     | Reached skill level 16 in Fighting
 11898 | D:12     | Reached ****** piety under Okawaru
 12726 | D:9      | Killed Prince Ribbit
 12733 | Lair:1   | Entered Level 1 of the Lair of Beasts
 13168 | Lair:1   | Received a gift from Okawaru
 14954 | Lair:2   | You fall into a shaft and drop 2 floors!
 15022 | Lair:4   | Received a gift from Okawaru
 15125 | Lair:4   | Got a faintly glowing helmet {god gift}
 15146 | Lair:4   | Identified the +2 helmet "Buad" {rF- rC+ SInv} (Okawaru
                  | gifted it to you on level 4 of the Lair of Beasts)
 15198 | Lair:4   | Reached XP level 13. HP: 119/119 MP: 13/13
 15386 | Lair:4   | Reached skill level 17 in Fighting
 15482 | Lair:4   | Found a blossoming altar of Fedhas.
 15687 | Lair:4   | Reached skill level 5 in Throwing
 15709 | Lair:4   | Reached skill level 10 in Dodging
 16821 | Lair:4   | HP: 6/121 [something/blast of calcifying dust (3)]
 16830 | Lair:4   | Slain by a catoblepas

Illustrated notes

Levels and vault maps discovered:
D:1:      kilobyte_arrival_exit_the_forest, layout_basic
D:2:      layout_basic, minmay_misc_feat_hallway, bloody_trog, uniq_terence
D:3:      layout_basic
D:4:      cheibrodos_pilgrimage, layout_basic, serial_shops, shop,
          cheibrodos_sewer_entry_bend
D:5:      layout_loops_corners, lemuel_crystal_altar, uniq_eustachio
D:6:      layout_cave_pools
D:7:      gammafunk_beogh_shrine, layout_gridville, minmay_temple_entry_mist
D:8:      layout_cave_pools, nicolae_gozag_cash_rules_everything_around_me
D:9:      layout_roguey, david_lair_generic, uniq_prince_ribbit1
D:10:     layout_basic, erik_orc_4, uniq_fannar
D:11:     layout_gridville, minmay_misc_feat_cross, serial_park_tiny_1,
          uniq_snorg
D:12:     layout_long_grid, minmay_fractal_squares_5
Temple:   regret_index_temple_sigil_plot
Lair:1:   layout_loops_ring, cheibrodos_lair_lostbears,
          infiniplex_staircase_pool, grunt_megastairs_5,
          minmay_lair_oklob_chamber
Lair:2:   layout_gridlike, chequers_serial_rivers_room_b, minivault_27,
          grunt_megastairs_2, uniq_urug
Lair:4:   layout_long_grid, minmay_swamp_entry_worms, basic_altar, special_room
          [special_room_mythical_zoo], st_stairs_12
Lair:5:   layout_cave_pods, dpeg_slime_entry_corner, grunt_megastairs_3

Skill      XL: |  1  2  3  4  5  6  7  8  9 10 11 12 13 |
---------------+----------------------------------------+-----
Polearms       | 5 6 7 8 10 11 12 13 15 16 | 16.9
Fighting       | 3 4 5 8 12 15 16 17 | 17.4
Armour         | 2 4 |  4.5
Conjurations   | 1 2 |  2.0
Fire Magic     | 1 |  1.6
Dodging        | 9 10 | 10.4
Throwing       | 4 5 |  5.3
Evocations     | |  0.1

Action                   |  1- 3 |  4- 6 |  7- 9 | 10-12 | 13-15 || total
-------------------------+-------+-------+-------+-------+-------++-------
Melee: Trident           |   107 |   161 |   356 |   948 |   162 ||  1734
       Punch             |       |       |       |     3 |     3 ||     6
       Tailslap          |       |       |       |     2 |       ||     2
Throw: Throwing net      |     5 |       |       |       |       ||     5
       Javelin           |       |       |       |     2 |     1 ||     3
Invok: Heroism           |       |       |       |     6 |     3 ||     9
Evoke: Wand              |       |       |       |     5 |     3 ||     8
  Use: Scroll            |       |     1 |     6 |     6 |     4 ||    17
       Potion            |       |       |     3 |    12 |       ||    15
 Stab: Sleeping          |     6 |     8 |     4 |     8 |       ||    26
       Held in net/web   |     3 |       |       |       |       ||     3
       Distracted        |       |       |     2 |     3 |     1 ||     6
       Invisible         |       |       |     7 |       |       ||     7
Armor: Leather armour    |     5 |       |       |       |       ||     5
       Chain mail        |    12 |    13 |       |       |       ||    25
       Skin              |       |     5 |     2 |       |       ||     7
       Scale mail        |       |       |    56 |    52 |       ||   108
       Steam dragon scal |       |       |       |   119 |    69 ||   188
Dodge: Dodged            |    47 |    42 |   123 |   463 |   137 ||   812

Table legend: (Time is in decaauts)
 A = Elapsed time spent in this place.
 B = Non-inter-level travel time spent in this place.
 C = Inter-level travel time spent in this place.
 D = Time resting spent in this place.
 E = Time spent auto-exploring this place.
 F = Levels seen in this place.
 G = Mean time per level.
                   A        B        C        D        E       F      G
               +--------+--------+--------+--------+--------+-----+--------+
         Total |  16226 |  15904 |    322 |   4233 |   8085 |  17 |  954.5 |
       Dungeon |  12020 |  11738 |    282 |   2372 |   6494 |  12 | 1001.7 |
        Temple |    280 |    254 |     26 |      0 |    234 |   1 |  280.0 |
          Lair |   3925 |   3912 |     13 |   1861 |   1357 |   4 |  981.2 |
               +--------+--------+--------+--------+--------+-----+--------+

Top non-repeatable levels by time:
    D:10: 1635 daAuts
  Lair:1: 1368 daAuts
  Lair:4: 1363 daAuts
     D:3: 1344 daAuts
     D:9: 1341 daAuts
    D:11: 1172 daAuts
    D:12: 1131 daAuts
     D:7: 1107 daAuts
     D:1: 1099 daAuts
     D:5: 1055 daAuts
     D:2: 898 daAuts
  Lair:2: 760 daAuts
     D:6: 577 daAuts
  Lair:5: 432 daAuts
     D:8: 425 daAuts
